AoeStats
← cowabunga

Arena

510287822Analyzed
1v1 RM · 2d ago on Sep 30, 2026· 41m 4s· 2 players
Game mode
Random Map
Map size
Tiny (2 player)
Population
200
Speed
Normal
Resources
Standard
Victory
Conquest
Starting age
Dark Age
Ending age
Imperial Age
RankedLock teamsTeams togetherTeam positionsShared explorationLock speedFull tech treeHidden civsTurbo modeCheats
Victory
Defeat
🇫🇷 Burgundians · France
968
+14
🇧🇪 Turks · Belgium
934
-14
cowabunga
5:12 Loom
10:47 Feudal Age
13:30 Double-Bit Axe
14:45 Wheelbarrow
17:09 Castle Age
18:39 Bow Saw
18:12 Horse Collar
24:20 Gold Mining
29:22 Padded Archer Armor
31:21 Gold Shaft Mining
32:14 Bloodlines
32:04 Husbandry
32:39 Heavy Plow
36:20 Forging
36:16 Scale Barding Armor
39:37 Imperial Age
Triton
9:20 Feudal Age
9:40 Horse Collar
10:12 Double-Bit Axe
16:59 Castle Age
16:18 Heavy Plow
18:41 Scale Mail Armor
25:47 Crop Rotation
28:02 Loom
29:07 Bow Saw
31:47 Imperial Age
30:58 Forging
32:37 Chain Mail Armor
33:29 Iron Casting
34:45 Chemistry
37:18 Blast Furnace
36:23 Scale Barding Armor
39:09 Chain Barding Armor
42:04 Plate Barding Armor
Connection lost

Rejoining the realm…

Still unreachable

The connection could not be restored.

Session expired

The server has moved on; the page needs a fresh start.